MLB
MEXICO CITY PADRES @ LOS ANGELES (N) DODGERS
02/28/2042
 
TOP OF THE 1ST
Mexico City Padres batting - Pitching for Los Angeles (N) Dodgers : RHP Tony Eduardo
Pitching: RHP Tony Eduardo
Batting: RHB Germão Risques 0-0: Ball
1-0: Ball
2-0: Ball
3-0: Called Strike
3-1: DOUBLE (Line Drive, 78XD, EV 110.6 MPH)
Batting: LHB Ángelo Martínez 0-0: Ball
1-0: Called Strike
Germão Risques steals 3rd base
1-1: Swinging Strike
1-2: Ball
2-2: Ball
3-2: Strikes out swinging
Batting: LHB Ethan Glenn 0-0: Called Strike
0-1: Ball
1-1: Foul Ball, location: 25F
1-2: Fly out, F8 (Line Drive, 8LS, EV 85.6 MPH)
Batting: LHB Mario Rosales 0-0: Called Strike
0-1: Called Strike
0-2: Foul Ball, location: 5SF
0-2: Fly out, F7 (Flyball, 7, EV 94.4 MPH)
Top of the 1st over - 0 runs, 1 hit, 0 errors, 1 left on base; Mexico City 0 - Los Angeles (N) 0
BOTTOM OF THE 1ST
Los Angeles (N) Dodgers batting - Pitching for Mexico City Padres : RHP Dan Sweet
Pitching: RHP Dan Sweet
Batting: LHB Sean Williams 0-0: Ball
1-0: Ball
2-0: Called Strike
2-1: SINGLE (Groundball, 6MS, EV 86.9 MPH) (infield hit)
Batting: LHB António Moreno 0-0: Bunt missed!
0-1: Fly out, F9 (Flyball, 9, EV 94.4 MPH)
Batting: SHB Gonzo Ganjahlez 0-0: Ball
Sean Williams steals 2nd, throwing error, E2
Sean Williams to third
1-0: Ground out 4-3 (Groundball, 4, EV 75.6 MPH)
Sean Williams scores
Batting: RHB Abraão Vicente 0-0: Ball
1-0: Ball
2-0: Called Strike
2-1: Foul Ball, location: 2F
2-2: Strikes out swinging
Bottom of the 1st over - 1 run, 1 hit, 1 error, 0 left on base; Mexico City 0 - Los Angeles (N) 1
TOP OF THE 2ND
Mexico City Padres batting - Pitching for Los Angeles (N) Dodgers : RHP Tony Eduardo
Batting: SHB Tony Hinojosa 0-0: Swinging Strike
0-1: Called Strike
0-2: Ball
1-2: Strikes out swinging
Batting: RHB Hikaru Nii 0-0: Foul Ball, location: 7LDF
0-1: Called Strike
0-2: Foul Ball, location: 5F
0-2: Foul Ball, location: 2F
0-2: Strikes out swinging
Batting: LHB Rubén Cruz 0-0: Foul Ball, location: 2F
0-1: Ground out 4-3 (Groundball, 4, EV 106.3 MPH)
Top of the 2nd over - 0 runs, 0 hits, 0 errors, 0 left on base; Mexico City 0 - Los Angeles (N) 1
BOTTOM OF THE 2ND
Los Angeles (N) Dodgers batting - Pitching for Mexico City Padres : RHP Dan Sweet
Batting: RHB Luis Yagues 0-0: Ground out 4-3 (Groundball, 4, EV 98.1 MPH)
Batting: RHB José Costa 0-0: SINGLE (Line Drive, 56D, EV 103.8 MPH)
Batting: RHB Chris Ford 0-0: Called Strike
0-1: Ball
1-1: Swinging Strike
1-2: Strikes out swinging
Batting: RHB Rocky Hutchison 0-0: Ball
1-0: Called Strike
1-1: Ball
2-1: Ball
José Costa steals 2nd base
3-1: Ground out 6-3 (Groundball, 6, EV 98.8 MPH)
Bottom of the 2nd over - 0 runs, 1 hit, 0 errors, 1 left on base; Mexico City 0 - Los Angeles (N) 1
TOP OF THE 3RD
Mexico City Padres batting - Pitching for Los Angeles (N) Dodgers : RHP Tony Eduardo
Batting: LHB Greg Younger 0-0: Fly out, F8 (Flyball, 8RD, EV 108.8 MPH)
Batting: RHB Orlando Hernández 0-0: Called Strike
0-1: Foul Ball, location: 7LDF
0-2: Foul Ball, location: 9LSF
0-2: DOUBLE (Groundball, 5L, EV 110.6 MPH)
Batting: RHB Germão Risques 0-0: Ball
1-0: Called Strike
1-1: Foul Ball, location: 5F
1-2: Foul Ball, location: 9LDF
1-2: Ball
2-2: Foul Ball, location: 3SF
2-2: Strikes out swinging
Batting: LHB Ángelo Martínez 0-0: Called Strike
0-1: Ground out 6-3 (Groundball, 6, EV 85.0 MPH)
Top of the 3rd over - 0 runs, 1 hit, 0 errors, 1 left on base; Mexico City 0 - Los Angeles (N) 1
BOTTOM OF THE 3RD
Los Angeles (N) Dodgers batting - Pitching for Mexico City Padres : RHP Dan Sweet
Batting: RHB T.J. Greenham 0-0: Ball
1-0: Ground out 6-3 (Groundball, 6, EV 109.4 MPH)
Batting: LHB Sean Williams 0-0: Swinging Strike
0-1: Ball
1-1: Ball
2-1: Ball
3-1: Foul Ball, location: 2F
3-2: Foul Ball, location: 9LMFF
3-2: Strikes out swinging
Batting: LHB António Moreno 0-0: Foul Ball, location: 2F
0-1: Ground out 4-3 (Groundball, 4, EV 103.1 MPH)
Bottom of the 3rd over - 0 runs, 0 hits, 0 errors, 0 left on base; Mexico City 0 - Los Angeles (N) 1
TOP OF THE 4TH
Mexico City Padres batting - Pitching for Los Angeles (N) Dodgers : RHP Tony Eduardo
Batting: LHB Ethan Glenn 0-0: Foul Ball, location: 3SF
0-1: Foul Ball, location: 7LDF
0-2: Ball
1-2: Ball
2-2: Fly out, F9 (Flyball, 9, EV 92.5 MPH)
Batting: LHB Mario Rosales 0-0: Ball
1-0: Ball
2-0: Called Strike
2-1: Fly out, F7 (Flyball, 78M, EV 84.4 MPH)
Batting: SHB Tony Hinojosa 0-0: Ball
1-0: Called Strike
1-1: Called Strike
1-2: Strikes out swinging
Top of the 4th over - 0 runs, 0 hits, 0 errors, 0 left on base; Mexico City 0 - Los Angeles (N) 1
BOTTOM OF THE 4TH
Los Angeles (N) Dodgers batting - Pitching for Mexico City Padres : RHP Dan Sweet
Batting: SHB Gonzo Ganjahlez 0-0: Ball
1-0: Swinging Strike
1-1: Called Strike
1-2: Ground out 6-3 (Groundball, 6M, EV 100.6 MPH)
Batting: RHB Abraão Vicente 0-0: Swinging Strike
0-1: Ball
1-1: Ball
2-1: Fly out, F7 (Flyball, 7D, EV 90.6 MPH)
Batting: RHB Luis Yagues 0-0: Swinging Strike
0-1: Foul Ball, location: 23F
0-2: Ball
1-2: Ball
2-2: Ball
3-2: Foul Ball, location: 7LMF
3-2: Fly out, F4 (Popup, 34D, EV 46.9 MPH)
Bottom of the 4th over - 0 runs, 0 hits, 0 errors, 0 left on base; Mexico City 0 - Los Angeles (N) 1
TOP OF THE 5TH
Mexico City Padres batting - Pitching for Los Angeles (N) Dodgers : RHP Tony Eduardo
Pitching: RHP José Tobías
Now in LF: Po-sin Song
Batting: RHB Hikaru Nii 0-0: Ball
1-0: Ball
2-0: Foul Ball, location: 25F
2-1: Swinging Strike
2-2: Ball
3-2: Foul Ball, location: 5FF
3-2: SINGLE (Groundball, 56, EV 86.3 MPH)
Batting: LHB Rubén Cruz 0-0: Ball
1-0: Ball
2-0: Ball
3-0: Called Strike
3-1: Foul Ball, location: 2F
3-2: Strikes out swinging
Hikaru Nii is caught stealing 2nd base 2-6
Batter strikes out.
Batting: LHB Greg Younger 0-0: Called Strike
0-1: Swinging Strike
0-2: Ball
1-2: Ball
2-2: Foul Ball, location: 2F
2-2: Ball
3-2: Strikes out swinging
Top of the 5th over - 0 runs, 1 hit, 0 errors, 0 left on base; Mexico City 0 - Los Angeles (N) 1
BOTTOM OF THE 5TH
Los Angeles (N) Dodgers batting - Pitching for Mexico City Padres : RHP Dan Sweet
Batting: RHB José Costa 0-0: Foul Ball, location: 2F
0-1: Fly out, F8 (Flyball, 8LD, EV 110.6 MPH)
Batting: RHB Chris Ford 0-0: Called Strike
0-1: Ball
1-1: Ball
2-1: SINGLE (Groundball, 4D, EV 107.5 MPH)
Batting: RHB Rocky Hutchison 0-0: Ball
1-0: Ball
Chris Ford steals 2nd base
2-0: SINGLE (Line Drive, 3D, EV 66.3 MPH)
Chris Ford to third
Throwing error, E9
Chris Ford scores
Rocky Hutchison to second
Batting: RHB T.J. Greenham 0-0: Fly out, F9 (Flyball, 89D, EV 87.5 MPH)
Batting: RHB Po-sin Song 0-0: Ground out 6-3 (Groundball, 6, EV 83.1 MPH)
Bottom of the 5th over - 1 run, 2 hits, 1 error, 1 left on base; Mexico City 0 - Los Angeles (N) 2
TOP OF THE 6TH
Mexico City Padres batting - Pitching for Los Angeles (N) Dodgers : RHP José Tobías
Pitching: RHP Doug Myers
Now at 2B: Orlando Aponte
Batting: RHB Orlando Hernández 0-0: SINGLE (Flyball, 5D, EV 88.8 MPH)
Batting: LHB Freddy Newton 0-0: Ball
Orlando Hernández steals 2nd base
1-0: Ball
2-0: Swinging Strike
2-1: Ball
3-1: Called Strike
3-2: Ground out U3 (Groundball, 3, EV 88.1 MPH)
Orlando Hernández to third
Pinch Hitting: LHB Wilson Barrón 0-0: Ball
1-0: Ball
2-0: Foul Ball, location: 23FF
2-1: Ground out 6-3 (Groundball, 6M, EV 78.8 MPH)
Orlando Hernández scores
Batting: LHB Ethan Glenn 0-0: Ball
1-0: Ball
2-0: Foul Ball, location: 5FF
2-1: Ground out 4-3 (Groundball, 34, EV 84.4 MPH)
Top of the 6th over - 1 run, 1 hit, 0 errors, 0 left on base; Mexico City 1 - Los Angeles (N) 2
BOTTOM OF THE 6TH
Los Angeles (N) Dodgers batting - Pitching for Mexico City Padres : RHP Dan Sweet
Now at 1B: Gene Norman
Now in LF: Wilson Barrón
Pinch Hitting: RHB José Vázquez 0-0: Ground out 6-3 (Groundball, 6, EV 103.1 MPH)
Batting: SHB Gonzo Ganjahlez 0-0: Ball
1-0: Swinging Strike
1-1: Foul Ball, location: 23F
1-2: Foul Ball, location: 25F
1-2: Fly out, F7 (Flyball, 7LS, EV 75.0 MPH)
Batting: RHB Abraão Vicente 0-0: Ball
1-0: SINGLE (Flyball, 5D, EV 90.6 MPH)
Batting: LHB Orlando Aponte 0-0: Fly out, F8 (Line Drive, 78M, EV 94.4 MPH)
Bottom of the 6th over - 0 runs, 1 hit, 0 errors, 1 left on base; Mexico City 1 - Los Angeles (N) 2
TOP OF THE 7TH
Mexico City Padres batting - Pitching for Los Angeles (N) Dodgers : RHP Doug Myers
Pitching: RHP Wally Larsen
Now at C: Don Powers
Now at 2B: Guaspar Joo
Now at SS: Orlando Aponte
Now in CF: José Vázquez
Now in RF: Bob Hamilton
Pinch Hitting: LHB Steve Morris 0-0: Swinging Strike
0-1: Called Strike
0-2: Ball
1-2: SINGLE (Line Drive, 78S, EV 98.1 MPH)
Batting: SHB Tony Hinojosa 0-0: Swinging Strike
0-1: Ball
1-1: Called Strike
1-2: Ball
2-2: Ball
3-2: Base on Balls
Steve Morris to second
Batting: LHB Gene Norman 0-0: Ball
1-0: Ball
2-0: Foul Ball, location: 7LSF
2-1: Foul Ball, location: 25FF
2-2: Grounds into double play, 6-4-3 (Groundball, 6, EV 85.0 MPH)
Steve Morris to third
Batting: LHB Rubén Cruz 0-0: Swinging Strike
0-1: Ball
1-1: Foul Ball, location: 2F
1-2: Foul Ball, location: 2F
1-2: Ball
2-2: Ball
3-2: Fly out, F6 (Line Drive, 6, EV 71.9 MPH)
Top of the 7th over - 0 runs, 1 hit, 0 errors, 1 left on base; Mexico City 1 - Los Angeles (N) 2
BOTTOM OF THE 7TH
Los Angeles (N) Dodgers batting - Pitching for Mexico City Padres : RHP Dan Sweet
Pitching: RHP Robinson González
Now in LF: Steve Morris
Now in RF: Wilson Barrón
Pinch Hitting: LHB Steve Hughs 0-0: Ball
1-0: Swinging Strike
1-1: Ball
2-1: Called Strike
2-2: Ball
3-2: Base on Balls
Batting: SHB Leroy Brown 0-0: Sac Bunt to 3S - play at first, batter OUT! 3-4
Steve Hughs to second
Batting: LHB Bob Hamilton 0-0: Ball
1-0: Called Strike
1-1: Ball
2-1: Ball
3-1: Base on Balls
Batting: RHB Guaspar Joo 0-0: Swinging Strike
0-1: Swinging Strike
0-2: Ball
1-2: Strikes out swinging
Batting: RHB Po-sin Song 0-0: Ball
1-0: Called Strike
1-1: Foul Ball, location: 7LSF
1-2: Foul Ball, location: 2F
1-2: SINGLE (Groundball, 6MD, EV 110.0 MPH)
Steve Hughs to third
Bob Hamilton to second
Runner from 3rd tries for Home, throw by CF and OUT! 8-2
Bottom of the 7th over - 0 runs, 1 hit, 0 errors, 2 left on base; Mexico City 1 - Los Angeles (N) 2
TOP OF THE 8TH
Mexico City Padres batting - Pitching for Los Angeles (N) Dodgers : RHP Wally Larsen
Pitching: RHP Alphonse Canalo
Now at 3B: Steve Hughs
Batting: LHB Greg Younger 0-0: Ball
1-0: Ball
2-0: Called Strike
2-1: Swinging Strike
2-2: Strikes out looking
Batting: RHB Orlando Hernández 0-0: Swinging Strike
0-1: Foul Ball, location: 3FF
0-2: Foul Ball, location: 2F
0-2: Strikes out swinging
Batting: LHB Freddy Newton 0-0: Ball
1-0: Ball
2-0: Ball
3-0: Base on Balls
Batting: LHB Wilson Barrón 0-0: Ball
1-0: Foul Ball, location: 2F
1-1: Ball
2-1: Called Strike
2-2: Ball
3-2: Base on Balls
Freddy Newton to second
Batting: LHB Ethan Glenn 0-0: Ball
1-0: Ball
2-0: Swinging Strike
2-1: Ball
3-1: Called Strike
3-2: Strikes out swinging
Top of the 8th over - 0 runs, 0 hits, 0 errors, 2 left on base; Mexico City 1 - Los Angeles (N) 2
BOTTOM OF THE 8TH
Los Angeles (N) Dodgers batting - Pitching for Mexico City Padres : RHP Robinson González
Pitching: RHP Kevin Strype
Batting: RHB José Vázquez 0-0: Ball
1-0: Called Strike
1-1: SINGLE (Groundball, 6MS, EV 68.1 MPH) (infield hit)
Batting: SHB Gonzo Ganjahlez 0-0: Called Strike
José Vázquez steals 2nd base
0-1: Fly out, F4 (Popup, 4MD, EV 60.6 MPH)
Batting: RHB Don Powers 0-0: Called Strike
0-1: Ball
1-1: Ball
2-1: SINGLE (Line Drive, 9S, EV 103.1 MPH)
José Vázquez to third
Batting: LHB Orlando Aponte 0-0: Called Strike
0-1: Ball
1-1: Ball
2-1: Foul Ball, location: 5SF
2-2: Ball
3-2: SINGLE (Groundball, 4MD, EV 96.9 MPH)
José Vázquez scores
Don Powers to second
Batting: LHB Steve Hughs 0-0: Foul Ball, location: 9LMF
0-1: Ball
1-1: Foul Ball, location: 5SF
1-2: Ball
2-2: Grounds into double play, 4-6-3 (Groundball, 4, EV 101.3 MPH)
Bottom of the 8th over - 1 run, 3 hits, 0 errors, 1 left on base; Mexico City 1 - Los Angeles (N) 3
TOP OF THE 9TH
Mexico City Padres batting - Pitching for Los Angeles (N) Dodgers : RHP Alphonse Canalo
Pitching: RHP Jeff Clark
Batting: LHB Steve Morris 0-0: Ball
1-0: Ball
2-0: Ball
3-0: Called Strike
3-1: Fly out, F7 (Flyball, 7, EV 94.4 MPH)
Batting: SHB Tony Hinojosa 0-0: Ball
1-0: Called Strike
1-1: Foul Ball, location: 2F
1-2: Strikes out swinging
Batting: LHB Gene Norman 0-0: Ball
1-0: Swinging Strike
1-1: Ball
2-1: Called Strike
2-2: Ball
3-2: Strikes out swinging
Top of the 9th over - 0 runs, 0 hits, 0 errors, 0 left on base; Mexico City 1 - Los Angeles (N) 3
Friday, May 3rd , 2024 - OOTP Baseball 24.10 Build 82